 Dungeon Crawl Stone Soup version 0.31-a0-507-gbafd7f5274 (webtiles) character file.

Game seed: 17360737765636057966

559522 mandarbmax the Formicid Barricade (level 27, -1/198 (199) HPs)
             Began as a Formicid Hunter on Aug 7, 2023.
             Was the Champion of Okawaru.
             Slain by a yellow draconian
             ... wielding a +0 halberd
              (5 damage)
             ... on level 1 of the Realm of Zot on Aug 10, 2023.
             The game lasted 02:12:25 (53772 turns).

mandarbmax the Formicid Barricade (FoHu)           Turns: 53772, Time: 02:12:26

HP:   -1/198 (199)  AC: 58    Str: 37    XL:     27
MP:   38/38         EV: 15    Int:  5    God:    Okawaru [******]
Gold: 8658          SH: 36    Dex: 26    Spells: 26/26 levels left

rFire   + . .        m - +8 trishula "Condemnation" {holy, anguish, *Noise Fly rN+}
rCold   . . .        O - +8 tower shield {reflect}
rNeg    + + .        n - +22 crystal plate armour "Duhuf" {Will++ rCorr Int-3 Dex+3}
rPois   .            (helmet unavailable)
rElec   +            b - scarf "Wucvenio" {shadows, rElec Slay+2}
rCorr   +            e - +2 pair of gloves of Byehell {rC+ Dex+3}
SInv    +            Q - +0 pair of boots "Vyuhad" {Regen+ Dex+2}
Will    +++++        R - amulet of the Four Winds {rN+ Will+++ Clar} Stlth
                     K - ring of Shadows {Umbra +Inv Stlth+}
HPRegen 1.33/turn    X - ring "Hagygh" {Fire rElec Will+ rCorr Str+5}
MPRegen 0.26/turn

%: reflection, clarity
@: lethally poisoned (-1 -> -3), flying, wreathed by umbra, constricted,
studying Long Blades, lightly drained
A: permanent stasis, dig shafts and tunnels, antennae 3, four strong arms, frail
1, strong 1, subdued magic 1
}: 3/15 runes: barnacled, silver, gossamer
a: Dig, Shaft Self, Renounce Religion, Evoke Invisibility, Heroism, Finesse,
Duel


You were on level 1 of the Realm of Zot.
You worshipped Okawaru.
Okawaru was exalted by your worship.
You visited 11 branches of the dungeon, and saw 47 of its levels.
You also visited: Ossuary, Gauntlet and Volcano.

You collected 9147 gold pieces.
You spent 489 gold pieces at shops.

Inventory:

Hand Weapons
 m - the +8 trishula "Condemnation" (weapon) {holy, anguish, *Noise Fly rN+}
   (You found it on level 2 of the Dungeon)

   rN+:       It protects you from negative energy.
   Fly:       It grants you flight.
   *Noise:    It may make noises in combat.
Missiles
 J - 6 throwing nets
Armour
 b - the scarf "Wucvenio" (worn) {shadows, rElec Slay+2}
   (You found it on level 4 of the Shoals)

   Slay+2:    It affects your accuracy & damage with ranged weapons and melee
   (+2).
   rElec:     It insulates you from electricity.
 e - the +2 pair of gloves of Byehell (worn) {rC+ Dex+3}
   (Okawaru gifted it to you on level 9 of the Dungeon)

   Dex+3:     It affects your dexterity (+3).
   rC+:       It protects you from cold.
 n - the +22 crystal plate armour "Duhuf" (worn) {Will++ rCorr Int-3 Dex+3}
   (You acquired it on level 10 of the Dungeon)

   Int-3:     It affects your intelligence (-3).
   Dex+3:     It affects your dexterity (+3).
   Will++:    It greatly increases your willpower.
   rCorr:     It protects you from acid and corrosion.
 G - a scarf of resistance
 O - a +8 tower shield of reflection (worn)
 Q - the +0 pair of boots "Vyuhad" (worn) {Regen+ Dex+2}
   (Okawaru gifted it to you on level 1 of the Elven Halls)

   Dex+2:     It affects your dexterity (+2).
   Regen+:    It increases your rate of health regeneration.
 Z - a +1 cloak of willpower
Jewellery
 K - the ring of Shadows (left hand) {Umbra +Inv Stlth+}
   (You took it off an ironbound preserver on level 5 of the Vaults)

   [ring of stealth]

   Umbra:     It surrounds you with an aura of shadow, increasing your stealth
   and reducing the accuracy of all others within it.
   +Inv:      It lets you turn invisible.
   Stlth+:    It makes you more stealthy.
 N - the ring "Quem" {Ice Dex+5 Stlth+}
   (You took it off Josephina on level 2 of the Crypt)

   [ring of ice]

   Ice:       It enhances your ice magic.
   Dex+5:     It affects your dexterity (+5).
   rF-:       It makes you vulnerable to fire.
   rC+:       It protects you from cold.
   Stlth+:    It makes you more stealthy.
 R - the amulet of the Four Winds (around neck) {rN+ Will+++ Clar}
   (You found it in a Gauntlet)

   [amulet of nothing]

   rN+:       It protects you from negative energy.
   Will+++:   It greatly increases your willpower.
   Clar:      It protects you from confusion, rage, mesmerisation and fear.
 W - the brooch of Shielding {Spirit SH+8}
   (You found it on level 5 of the Vaults)

   [amulet of guardian spirit]

   Spirit:    It causes incoming damage to be divided between your reserves of
   health and magic.
   SH+8:      It affects your SH (+8).
 X - the ring "Hagygh" (right hand) {Fire rElec Will+ rCorr Str+5}
   (You found it on level 2 of the Lair of Beasts)

   [ring of fire]

   Fire:      It enhances your fire magic.
   Str+5:     It affects your strength (+5).
   rF+:       It protects you from fire.
   rC-:       It makes you vulnerable to cold.
   rElec:     It insulates you from electricity.
   Will+:     It increases your willpower.
   rCorr:     It protects you from acid and corrosion.
Wands
 f - a wand of mindburst (23)
 j - a wand of acid (68)
 p - a wand of paralysis (59)
 v - a wand of polymorph (45)
 B - a wand of roots (36)
 L - a wand of flame (36)
 P - a wand of digging (23)
Scrolls
 d - 10 scrolls of enchant weapon
 i - 4 scrolls of fog
 k - 5 scrolls of brand weapon
 l - 3 scrolls of silence
 o - a scroll of amnesia
 q - 5 scrolls of revelation
 s - 8 scrolls of vulnerability
 t - 13 scrolls of poison
 y - 6 scrolls of fear
 H - 3 scrolls of immolation
 I - 7 scrolls of torment
 T - a scroll of acquirement
Potions
 a - 11 potions of curing
 c - 3 potions of cancellation
 h - 9 potions of enlightenment
 r - 10 potions of might
 u - 10 potions of lignification
 w - 14 potions of heal wounds
 x - 6 potions of invisibility
 z - 7 potions of ambrosia
 A - 5 potions of brilliance
 C - 6 potions of mutation
 D - 5 potions of attraction
 E - 3 potions of magic
 F - 6 potions of resistance
Miscellaneous
 g - a condenser vane
 M - a phial of floods
 V - a lightning rod (4/4)


   Skills:
 + Level 19.5 Fighting
 - Level 20.2 Polearms
 - Level 5.3 Ranged Weapons
 - Level 25.2 Armour
 - Level 12.0 Dodging
 - Level 1.2 Stealth
 O Level 27 Shields
 - Level 22.0 Invocations
 - Level 11.2 Evocations


You had 26 spell levels left.
You didn't know any spells.
Your spell library contained the following spells:

 Spells                   Type           Power      Damage    Failure   Level
 Foxfire                  Conj/Fire      0%         2x1d4     92%         1
 Freeze                   Ice            0%         1d3       92%         1
 Kiss of Death            Conj/Necr      0%         2d5       92%         1
 Magic Dart               Conj           0%         1d3       92%         1
 Necrotise                Necr           0%         1d4       92%         1
 Sandblast                Erth           0%         2d4       92%         1
 Shock                    Conj/Air       0%         1d3       92%         1
 Slow                     Hex            0%         N/A       92%         1
 Sting                    Tmut/Pois      0%         1d3       92%         1
 Cigotuvi's Dreadful Rot  Necr/Pois/Air  0%         N/A       98%         2
 Ensorcelled Hibernation  Hex/Ice        0%         N/A       98%         2
 Lesser Beckoning         Tloc           0%         N/A       98%         2
 Momentum Strike          Conj/Tloc      0%         3d8       98%         2
 Passwall                 Tmut/Erth      0%         N/A       98%         2
 Poisonous Vapours        Pois/Air       0%         N/A       98%         2
 Searing Ray              Conj           0%         2d4       98%         2
 Static Discharge         Conj/Air       0%         2-2/arc   98%         2
 Sublimation of Blood     Necr           0%         N/A       98%         2
 Wereblood                Tmut           0%         N/A       98%         2
 Confusing Touch          Hex            0%         N/A       100%        3
 Dazzling Flash           Conj/Hex       0%         N/A       100%        3
 Gell's Gravitas          Tloc           0%         N/A       100%        3
 Ignite Poison            Fire/Tmut/Pois 0%         N/A       100%        3
 Inner Flame              Hex/Fire       0%         N/A       100%        3
 Mephitic Cloud           Conj/Pois/Air  0%         N/A       100%        3
 Portal Projectile        Hex/Tloc       0%         N/A       100%        3
 Stone Arrow              Conj/Erth      0%         3d7       100%        3
 Teleport Other           Tloc           0%         N/A       100%        3
 Vampiric Draining        Necr           0%         2d6       100%        3
 Volatile Blastmotes      Fire/Tloc      0%         2d10      100%        3
 Airstrike                Air            0%         2d(0-16)  100%        4
 Anguish                  Hex/Necr       0%         N/A       100%        4
 Cause Fear               Hex            0%         N/A       100%        4
 Dispel Undead            Necr           0%         3d6       100%        4
 Flame Wave               Conj/Fire      0%         2d4       100%        4
 Fulminant Prism          Conj/Hex       0%         3d5       100%        4
 Iskenderun's Mystic Bla  Conj/Tloc      0%         2d3       100%        4
 Leda's Liquefaction      Hex/Erth       0%         N/A       100%        4
 Manifold Assault         Tloc           0%         N/A       100%        4
 Olgreb's Toxic Radiance  Pois           0%         N/A       100%        4
 Passage of Golubria      Tloc           0%         N/A       100%        4
 Petrify                  Tmut/Erth      0%         N/A       100%        4
 Sticky Flame             Conj/Fire      0%         2d3       100%        4
 Agony                    Necr           0%         N/A       100%        5
 Alistair's Intoxication  Tmut/Pois      0%         N/A       100%        5
 Arcjolt                  Conj/Air       0%         1d10      100%        5
 Borgnjor's Vile Clutch   Necr/Erth      0%         N/A       100%        5
 Fireball                 Conj/Fire      0%         3d3       100%        5
 Freezing Cloud           Conj/Ice/Air   0%         6-21      100%        5
 Irradiate                Conj/Tmut      0%         3d11      100%        5
 Lee's Rapid Deconstruct  Erth           0%         3d4*      100%        5
 Metabolic Englaciation   Hex/Ice        0%         N/A       100%        5
 Silence                  Hex/Air        0%         N/A       100%        5
 Yara's Violent Unravell  Hex/Tmut       0%         3d3       100%        5
 Conjure Ball Lightning   Conj/Air       0%         3x3d6     100%        6
 Dispersal                Tloc           0%         N/A       100%        6
 Eringya's Noxious Bog    Tmut/Pois      0%         4d6       100%        6
 Plasma Beam              Fire/Air       0%         2x1d10    100%        6
 Starburst                Conj/Fire      0%         6d3       100%        6
 Enfeeble                 Hex            0%         N/A       100%        7
 Orb of Destruction       Conj           0%         9d5       100%        7
 Ozocubu's Refrigeration  Ice            0%         4d7       100%        7
 Discord                  Hex            0%         N/A       100%        8
 Disjunction              Tloc           0%         N/A       100%        8
 Ignition                 Fire           0%         3d3       100%        8
 Lehudib's Crystal Spear  Conj/Erth      0%         10d2      100%        8
 Maxwell's Capacitive Co  Air            0%         ∞         100%        8
 Death's Door             Necr           0%         N/A       100%        9
 Blink                    Tloc           Unusable   N/A       N/A         2
 Call Imp                 Summ           Unusable   N/A       N/A         2
 Call Canine Familiar     Summ           Unusable   N/A       N/A         3
 Summon Guardian Golem    Hex/Summ       Unusable   N/A       N/A         3
 Swiftness                Air            Unusable   N/A       N/A         3
 Vhi's Electric Charge    Tloc/Air       Unusable   N/A       N/A         3
 Animate Armour           Summ/Erth      Unusable   N/A       N/A         4
 Summon Ice Beast         Ice/Summ       Unusable   N/A       N/A         4
 Summon Lightning Spire   Summ/Air       Unusable   N/A       N/A         4
 Death Channel            Necr           Unusable   N/A       N/A         6
 Simulacrum               Ice/Necr       Unusable   N/A       N/A         6
 Spellforged Servitor     Conj/Summ      Unusable   N/A       N/A         7
 Infestation              Necr           Unusable   N/A       N/A         8
 Dragon's Call            Summ           Unusable   N/A       N/A         9

Dungeon Overview and Level Annotations

Branches:
Dungeon (15/15)            Temple (0/1) D:4            Lair (5/5) D:10
 Shoals (4/4) Lair:3       Spider (4/4) Lair:3        Slime (1/5) Lair:4
    Orc (2/2) D:10            Elf (3/3) Orc:2        Vaults (5/5) D:13
  Crypt (3/3) Vaults:3       Tomb (0/3) Crypt:3      Depths (4/4) D:15
    Zot (1/5) Depths:4    Ossuary (visited)         Volcano (visited)
Gauntlet (visited)

Altars:
Ashenzari
Dithmenos
Elyvilon
Gozag
Kikubaaqudgha
Makhleb
Nemelex Xobeh
Okawaru
Qazlal
Ru
Sif Muna
Trog
Uskayaw
Vehumet
Wu Jian
Xom
Yredelemnul
Zin
The Shining One
Jiyva

Shops:
D:1 [   D:8 =   D:13 [   D:15 !   Orc:2 ([([   Elf:3 =   Shoals:2 :
Shoals:4 [   Vaults:1 (   Vaults:2 ?

Portals:
Hell: Depths:1 Depths:2 Depths:3 Depths:4
Abyss: Depths:3
Pandemonium: Depths:1 Depths:2 Depths:3
Ziggurat: Depths:3

Annotations:
D:6 Duvessa
Depths:2 2 runed translucent doors
Zot:1 1 transporter


Innate Abilities, Weirdness & Mutations

You cannot be hasted, slowed, berserked, paralysed or teleported.
You can dig through walls and to a lower floor.
You have a pair of large antennae on your head. (SInv)
Your four strong arms can wield two-handed weapons with a shield.
You are frail. (-10% HP)
Your muscles are strong. (Str +4, Int/Dex -1)
Your spells are a little easier to cast, but a little less powerful.


Message History

The black draconian convulses!
Flame seeps out of the black draconian.
The purple draconian convulses!
Flame seeps out of the purple draconian.
The black draconian convulses!
Flame seeps out of the black draconian.
The white draconian convulses!
Flame seeps out of the white draconian.
The yellow draconian convulses!
Flame seeps out of the yellow draconian.
The yellow draconian convulses!
Flame seeps out of the yellow draconian.
The yellow draconian annihilator convulses!
Flame seeps out of the yellow draconian annihilator.
The purple draconian convulses!
Flame seeps out of the purple draconian.
The shadow dragon convulses!
You feel very sick.
The quicksilver dragon is engulfed in blazing flames.
Flame seeps out of the quicksilver dragon.
You block the quicksilver dragon's attack. x2
The quicksilver dragon is engulfed in blazing flames.
Flame seeps out of the quicksilver dragon.
You block the quicksilver dragon's attack.
The quicksilver dragon claws you!
* * * LOW HITPOINT WARNING * * *
The tentacled monstrosity barely misses you.
You block the tentacled monstrosity's attack. x2
The tentacled monstrosity constricts you.
* * * LOW HITPOINT WARNING * * *
The green draconian is engulfed in blazing flames.
Flame seeps out of the green draconian.
The green draconian barely misses you. x2
The moth of wrath is engulfed in blazing flames.
Flame seeps out of the moth of wrath.
A black draconian comes into view. It is wielding a +0 trident.
The yellow draconian annihilator is engulfed in blazing flames.
Flame seeps out of the yellow draconian annihilator.
The black draconian is engulfed in blazing flames.
Flame seeps out of the black draconian.
The yellow draconian is engulfed in blazing flames.
Flame seeps out of the yellow draconian.
The yellow draconian hits you from afar with a +0 halberd.
You die...

{,d..., # #..D
d .8#.d○ ,..
.q#..q#####..#
.y#.dd#......#
.L#.d†Dyd....#
{8#..X@d○.....
#.dX#X.....#
#...dd{####..#
#©....{{ {, .#
#.....# .
###..., { #[#.


You could see a shadow dragon, 3 tentacled monstrosities, a dread lich, 3
draconians, 2 draconians, a green draconian (berserk, inner flame), 2
draconians, 2 draconians, a quicksilver dragon (berserk, inner flame), a white
draconian stormcaller, a yellow draconian annihilator (inner flame), a ghost
moth (invisible) and a moth of wrath (inner flame).

Vanquished Creatures
  3 dread liches
  3 ancient liches (Vaults:5)
  Mara (Depths:2)
  Mennas (Vaults:3)
  A juggernaut (Depths:4)
  Vv (Depths:1)
  Josephina (Crypt:2)
  Bai Suzhen (Vaults:5)
  The ghost of Luiw the Slayer, a veteran HOBe of Trog (Vaults:4)
  Margery (Crypt:2)
  Parghit (Depths:4)
  Xtahua (Crypt:1)
  Nikola (Spider:4)
  Norris (Vaults:1)
  Jory (Vaults:2)
  A bone dragon (Elf:1)
  the Enchantress (Depths:4)
  A shard shrike zombie (Crypt:2)
  Arachne (Arena)
  3 tentacled monstrosities
  Rupert (D:12)
  An electric golem (Depths:4)
  5 liches
  3 titans
  Asterion (Vaults:3)
  A walking divine tome (Depths:3)
  Zenata (Vaults:2)
  A deep elf blademaster (Elf:3)
  2 deep elf master archers (Elf:3)
  A kraken (Shoals:2)
  An ancient champion (Crypt:1)
  An eldritch tentacle (Elf:1)
  6 sphinxes
  Kirke (Spider:2)
  A death cob (Depths:4)
  8 tengu reavers
  A shadow dragon (shapeshifter) (Elf:1)
  2 revenants
  2 draconian monks (Depths:4)
  3 shadow dragons
  Aizul (Vaults:4)
  A daeva (Depths:3)
  Donald (Vaults:2)
  A fenstrider witch (Shoals:2)
  3 storm dragons
  The ghost of Jismel the Severer, a journeyman HOFi of Beogh (Depths:4)
  5 deep elf sorcerers
  Ilsuiw (Shoals:3)
  2 azure jellies (Elf:1)
  2 draconian knights (Depths:4)
  9 frost giants
  An iron dragon (Depths:4)
  3 orc warlords
  A rockslime (Lair:4)
  21 vault wardens
  2 caustic shrike zombies (Crypt:3)
  6 fire giants
  5 deep elf elementalists (Elf:3)
  7 emperor scorpions (Spider:4)
  The ghost of lunkers the Black Belt, a journeyman MeSh of Okawaru (Shoals:1)
  A draconian annihilator (Depths:4)
  17 ironbound preservers
  3 spriggan defenders (Depths:4)
  2 formless jellyfish
  2 juggernaut skeletons (Crypt:3)
  4 broodmothers
  3 curse skulls
  5 reapers
  4 ghost moths
  5 war gargoyles
  9 stone giants
  8 very ugly things
  5 ironbound thunderhulks
  A rockslime zombie (Crypt:2)
  7 vampire knights
  8 deep elf demonologists
  Nessos (Lair:3)
  Azrael (Elf:1)
  2 purple draconians (Depths:4)
  A white draconian (Depths:4)
  The ghost of superbruh the Covert, a journeyman MfSh of Trog (Lair:2)
  A black draconian (Depths:4)
  9 dire elephants
  A spectral titan (Crypt:1)
  3 yellow draconians (Depths:4)
  2 red draconians
  5 deep elf annihilators
  A minotaur (Gauntlet)
  7 spark wasps
  10 eidola
  10 merfolk javelineers
  4 mummy priests
  6 ettins
  8 deep elf death magi
  A spectral fenstrider witch (Crypt:1)
  5 entropy weavers
  A green death (Depths:2)
  13 yaktaur captains
  5 deep elf high priests
  7 merfolk impalers
  7 fire dragons
  2 great orbs of eyes (Vaults:4)
  8 hydras
  A spectral spriggan (Crypt:1)
  10 ice dragons
  A fenstrider witch zombie (Crypt:3)
  A peacekeeper (Vaults:4)
  3 ghost crabs (Elf:1)
  34 vault guards
  A rakshasa (D:14)
  4 merfolk avatars
  A spriggan skeleton (Elf:1)
  2 jorogumos
  3 radroaches
  7 merfolk aquamancers
  5 spriggan air magi
  8 ironbound frosthearts
  A satyr (Shoals:3)
  5 two-headed ogres
  A death knight (Crypt:1)
  18 centaur warriors
  A catoblepas (D:14)
  5 boulder beetles
  2 alligator snapping turtles
  33 dancing weapons
  11 deep troll earth magi
  8 deep troll shamans
  7 demonic crawlers
  3 spectral stone giants (Crypt:1)
  4 tengu warriors
  A death yak (Lair:3)
  A spriggan berserker (Depths:4)
  7 soul eaters
  3 orc high priests
  3 spectral nagas (Crypt:1)
  A titan zombie (Crypt:3)
  3 spectral dire elephants (Crypt:1)
  17 deep elf knights
  A sun demon (Depths:2)
  A skyshark (shapeshifter) (Elf:3)
  10 hell knights
  10 iron trolls
  Lodul (D:11)
  A spectral bunyip (Crypt:1)
  5 skeletal warriors (Crypt:1)
  14 skysharks
  The ghost of LeprechaunX the Martial Artist, a novice OpSh of Hepliaklqana (D:9)
  2 flayed ghosts (Crypt:2)
  An iron giant zombie (Crypt:3)
  5 pharaoh ants
  3 sun moths (Spider:4)
  67 deep trolls
  14 sea snakes
  A shadow wraith (Crypt:2)
  A swamp dragon (shapeshifter) (Vaults:5)
  A quicksilver dragon simulacrum (Elf:1)
  2 anaconda zombies (Crypt:3)
  A death drake (Elf:1)
  A death drake (shapeshifter) (Vaults:5)
  A glowing orange brain (shapeshifter) (Vaults:5)
  The ghost of pigah the Martial Artist, a novice OpSh (D:7)
  4 glowing orange brains
  A lindwurm (shapeshifter) (Depths:3)
  2 orange crystal statues
  13 deep elf archers
  15 orb spiders
  2 spriggan simulacra
  21 harpies
  2 obsidian statues
  A harpy (shapeshifter) (Elf:3)
  37 deep elf pyromancers
  13 lindwurms
  17 necromancers
  9 wizards
  An iron giant skeleton (Crypt:3)
  Pikel (D:9)
  29 deep elf zephyrmancers
  4 steelbarb worms
  2 anaconda skeletons (Crypt:3)
  20 ironbound convokers
  12 orc knights
  14 phantasmal warriors
  An iron dragon zombie (Crypt:1)
  7 cyclopes
  14 manticores
  28 wolf spiders
  3 orc sorcerers
  2 worldbinders (Elf:1)
  6 moths of wrath
  43 ugly things
  A faun (shapeshifter) (Vaults:5)
  2 large abominations (Gauntlet)
  A tengu skeleton (Elf:1)
  36 elephants
  18 fauns
  12 merfolk sirens
  2 spectral centaurs (D:9)
  4 black mambas
  Maurice (D:9)
  7 centaur zombies
  2 ice statues (Elf:1)
  A smoke demon (Depths:1)
  7 torpor snails
  4 water nymphs
  2 molten gargoyles (Volcano)
  23 vault sentinels
  2 rust devils (Depths:1)
  A centaur skeleton (Crypt:3)
  10 cane toads
  3 orange demons (Depths:1)
  Psyche (D:9)
  A death yak zombie (Crypt:2)
  2 gargoyles
  A naga skeleton (Crypt:3)
  2 unseen horrors
  A hellion (Depths:1)
  A tormentor (Depths:1)
  A kobold demonologist (Depths:3)
  3 komodo dragons
  A rime drake (shapeshifter) (D:15)
  9 rime drakes
  An efreet (D:15)
  A golden dragon simulacrum (Elf:1)
  51 yaktaurs
  15 freezing wraiths
  5 tengu conjurers
  3 anaconda simulacra
  3 spectral harpies (Crypt:1)
  5 trolls
  An ice devil (Depths:2)
  A pale draconian skeleton (Crypt:1)
  8 guardian mummies
  2 red devils
  A harpy zombie (Crypt:3)
  35 merfolk
  18 hellwings
  A polar bear (shapeshifter) (Elf:1)
  12 polar bears
  3 tyrant leeches (Lair:5)
  A queen bee (Lair:2)
  Grinder (D:3)
  23 tarantellas
  5 wind drakes
  A harpy skeleton (Crypt:3)
  Prince Ribbit (D:5)
  5 raiju (Lair:5)
  16 hornets
  A raiju (shapeshifter) (D:14)
  4 blink frogs (Elf:1)
  A dream sheep (shapeshifter) (Vaults:5)
  An ice dragon zombie (Crypt:1)
  A satyr zombie (Crypt:2)
  16 snapping turtles
  4 air elementals
  2 ettin zombies (Crypt:3)
  36 jumping spiders
  5 flying skulls (Crypt:1)
  12 culicivoras
  25 slime creatures
  5 spriggans (Depths:4)
  A black mamba zombie (Crypt:3)
  2 ynoxinuls (Depths:1)
  5 shadows
  26 water elementals
  A centaur simulacrum (D:9)
  An ice dragon skeleton (Crypt:3)
  A vampire (D:13)
  5 humans
  An ushabti (Crypt:3)
  2 wyverns
  2 hogs (Spider:2)
  10 fire elementals
  58 yaks
  10 wraiths
  An ettin skeleton (Crypt:1)
  A neqoxec (Depths:1)
  2 basilisks
  4 golden eyes
  11 vampire mosquitoes
  A redback (shapeshifter) (Vaults:5)
  A steam dragon (Lair:1)
  56 redbacks
  Grum (D:10)
  Menkaure (D:5)
  4 chaos spawn
  3 naga zombies (Crypt:3)
  2 spatial vortices (Elf:1)
  Edmund (D:5)
  5 wargs
  3 acid dragons
  A water nymph skeleton (Crypt:2)
  11 water moccasins
  A glowing shapeshifter skeleton (Elf:1)
  14 hell hounds
  4 hydra simulacra
  12 black bears
  A meliai simulacrum (D:9)
  33 orc warriors
  2 sky beasts
  An ice beast (D:7)
  An ice dragon simulacrum (Crypt:2)
  A black mamba simulacrum (Elf:1)
  A swamp dragon zombie (Crypt:1)
  8 boggarts
  A hog zombie (Crypt:2)
  17 ogres
  24 wolves
  A phantom (D:7)
  10 centaurs
  6 kobold brigands
  Blork the orc (D:5)
  An elf zombie (Ossuary)
  A scorpion (D:4)
  16 bullfrogs
  5 earth elementals
  A cyclops zombie (Crypt:1)
  2 cane toad simulacra (Lair:1)
  11 small abominations
  7 wyvern skeletons (Crypt:3)
  Dowan (D:6)
  A warg skeleton (Crypt:2)
  44 killer bees
  2 dream sheep simulacra (Lair:2)
  5 howler monkeys
  4 electric eels
  5 lava snakes
  2 hounds
  A jelly (D:6)
  21 orc priests
  A water moccasin simulacrum (Lair:1)
  Jessica (D:3)
  A boggart zombie (D:11)
  Ijyb (D:3)
  Terence (D:2)
  4 iguanas
  27 orc wizards
  A basilisk skeleton (Crypt:2)
  7 hell rats
  A troll simulacrum (Elf:1)
  An ogre zombie (Crypt:1)
  2 bullfrog simulacra (Lair:1)
  4 mummies
  2 gnolls (D:4)
  7 adders
  4 naga simulacra
  2 shadow imps (Gauntlet)
  4 white imps
  An ufetubus (D:6)
  A worm (D:3)
  6 dart slugs
  85 orcs
  6 ball pythons
  A bat zombie (Crypt:2)
  2 endoplasms
  3 giant cockroaches
  10 goblins
  2 hobgoblins (D:1)
  8 jackals
  30 kobolds
  7 quokkas
  A ball python skeleton (Crypt:1)
  4 bats
  An endoplasm zombie (Crypt:1)
  5 frilled lizards
  A giant cockroach zombie (Crypt:1)
  A goblin zombie (Ossuary)
  7 hobgoblin zombies (Ossuary)
  A kobold zombie (Ossuary)
  An orc zombie (Ossuary)
  4 quokka zombies (Ossuary)
  8 rats
  3 rat zombies (Ossuary)
2301 creatures vanquished.

Vanquished Creatures (others)
  A royal mummy (Crypt:1)
  The ghost of Hyrrirob the Devastator, a veteran GrEE of Lugonu (Crypt:1)
  A titan (Vaults:5)
  A tengu reaver (Vaults:5)
  A fire giant (Depths:4)
  A draconian monk (Arena)
  A frost giant (Depths:3)
  A vault warden (Vaults:5)
  A curse skull (Crypt:1)
  2 ironbound preservers
  A black draconian (Depths:4)
  A dire elephant (Vaults:4)
  Snorg (D:11)
  A spark wasp (Spider:4)
  An entropy weaver (Spider:1)
  A merfolk javelineer (Shoals:3)
  Harold (D:9)
  An alligator snapping turtle (Shoals:3)
  A spriggan air mage (Depths:1)
  Erica (D:9)
  A deep troll shaman (Depths:1)
  Urug (D:10)
  3 hell knights
  An iron troll (Depths:3)
  A pharaoh ant (Spider:1)
  A wizard (D:14)
  3 deep elf pyromancers
  3 deep elf zephyrmancers
  An elephant (Lair:5)
  A cane toad (Lair:1)
  A rime drake (Lair:3)
  A hornet (D:7)
  A snapping turtle (Shoals:4)
  A wyvern (D:10)
  3 yaks
  A redback (Spider:3)
  A black mamba simulacrum (Elf:1)
  A wolf (D:10)
  An ogre (D:11)
  2 bullfrogs
  An orc priest (D:5)
  An orc wizard (Orc:2)
  A gnoll (D:4)
  2 orcs (D:4)
  A ball python (D:3)
  4 tentacles (Shoals:2)
60 creatures vanquished.

Grand Total: 2361 creatures vanquished

Notes
Turn   | Place    | Note
-------+----------+-------------------------------------------
     0 | D:1      | mandarbmax the Formicid Hunter began the quest for the Orb.
     0 | D:1      | Reached XP level 1. HP: 16/16 MP: 1/1
    24 | D:1      | Reached XP level 2. HP: 22/22 MP: 2/2
   192 | D:1      | Reached XP level 3. HP: 27/27 MP: 3/3
   306 | D:1      | Found Numaylef's Armour Emporium.
   343 | D:1      | Reached skill level 5 in Ranged Weapons
   709 | D:2      | Found the +8 trishula "Condemnation" {holy, anguish, *Noise
                  | Fly rN+}
   713 | D:2      | Reached XP level 4. HP: 33/33 MP: 4/4
   933 | D:2      | Noticed Terence
   955 | D:2      | You fall into a shaft and drop 2 floors!
   956 | D:4      | HP: 1/33 [poisoned by an adder]
  1091 | D:4      | Found a shadowy altar of Dithmenos.
  1126 | D:4      | Noticed an ogre
  1135 | D:4      | You fall into a shaft and drop 1 floor!
  1135 | D:5      | Entered Level 5 of the Dungeon
  1251 | D:5      | Noticed Prince Ribbit
  1302 | D:4      | Reached skill level 1 in Polearms
  1317 | D:4      | Noticed a black bear
  1332 | D:3      | Found an iron altar of Okawaru.
  1341 | D:3      | Became a worshipper of Warmaster Okawaru
  1416 | D:3      | Noticed Grinder
  1423 | D:3      | Killed Grinder
  1423 | D:3      | Reached * piety under Okawaru
  1424 | D:3      | Reached XP level 5. HP: 33/38 MP: 5/5
  1424 | D:3      | Reached XP level 6. HP: 38/44 MP: 6/6
  1454 | D:3      | Found a burning altar of Makhleb.
  1565 | D:3      | Noticed Ijyb
  1571 | D:3      | Killed Ijyb
  1651 | D:3      | Found an ornate altar of the Wu Jian Council.
  1661 | D:3      | Reached skill level 5 in Polearms
  1802 | D:3      | Noticed Jessica
  1810 | D:3      | Killed Jessica
  1824 | D:3      | Found a radiant altar of Vehumet.
  1842 | D:3      | Reached XP level 7. HP: 50/50 MP: 7/7
  2006 | D:2      | Killed Terence
  2265 | D:4      | Found an ancient bone altar of Kikubaaqudgha.
  2293 | D:4      | Reached ** piety under Okawaru
  2351 | D:4      | Found a stormy altar of Qazlal.
  2442 | D:4      | Found a staircase to the Ecumenical Temple.
  2503 | D:4      | Reached XP level 8. HP: 53/56 MP: 8/8
  3136 | D:5      | Found a glowing golden altar of the Shining One.
  3136 | D:5      | Noticed Blork the orc
  3141 | D:5      | Noticed Edmund
  3144 | D:5      | Killed Prince Ribbit
  3159 | D:5      | Killed Edmund
  3159 | D:5      | Reached *** piety under Okawaru
  3174 | D:5      | Killed Blork the orc
  3449 | D:5      | Noticed Menkaure
  3453 | D:5      | Killed Menkaure
  3454 | D:5      | Reached XP level 9. HP: 36/61 MP: 9/9
  3844 | D:5      | Found a basalt altar of Yredelemnul.
  3983 | D:5      | Found a hide-covered altar of Uskayaw.
  4063 | D:6      | Reached skill level 1 in Armour
  4063 | D:6      | Reached skill level 1 in Invocations
  4193 | D:6      | Found a sand-covered staircase.
  4197 | D:6      | Noticed Dowan
  4227 | Ossuary  | Entered an ossuary
  4399 | D:6      | Noticed Duvessa
  4415 | D:6      | Reached skill level 10 in Polearms
  4522 | D:6      | Identified the +6 scale mail "Farchan" {rElec Str+2}
  4763 | D:6      | Killed Dowan
  4946 | D:7      | Noticed a hornet
  4954 | D:7      | Killed a hornet
  4954 | D:7      | Reached **** piety under Okawaru
  5106 | D:7      | Reached XP level 10. HP: 38/73 MP: 13/13
  5273 | D:7      | Got the Codex of Metallic Relocation
  5448 | D:7      | Noticed pigah's ghost (novice OpSh)
  5450 | D:7      | Found a transporter.
  5450 | D:7      | Identified the +2 great mace of the Slime-mould {drain,
                  | rCorr Dex+3}
  5450 | D:7      | Noticed a two-headed ogre
  5461 | D:7      | Found a transporter.
  5464 | D:7      | Reached ***** piety under Okawaru
  5580 | D:7      | Reached skill level 5 in Fighting
  5667 | D:7      | Reached skill level 5 in Invocations
  5907 | D:7      | Killed pigah's ghost
  5908 | D:7      | Reached skill level 5 in Armour
  5910 | D:7      | Killed a two-headed ogre
  6117 | D:8      | Found a bloodstained altar of Trog.
  6196 | D:8      | Noticed a two-headed ogre
  6203 | D:8      | Killed a two-headed ogre
  6302 | D:8      | Reached XP level 11. HP: 81/83 MP: 16/16
  6418 | D:8      | Found Nopne's Jewellery Boutique.
  6654 | D:8      | Identified the +1 dagger "Daonam" {drain, rF+ Str-3 Stlth+}
  6821 | D:8      | Found a sparkling altar of Nemelex Xobeh.
  7006 | D:1      | Bought a scarf of resistance for 352 gold pieces
  7204 | D:8      | Identified the +0 ring mail "Sueceog" {Int+3} (Okawaru
                  | gifted it to you on level 8 of the Dungeon)
  7204 | D:8      | Received a gift from Okawaru
  7394 | D:1      | Bought a +0 kite shield for 49 gold pieces
  7575 | D:9      | Noticed Harold
  7589 | D:9      | Killed Harold
  7590 | D:9      | Reached skill level 2 in Shields
  7700 | D:9      | Noticed Erica
  7705 | D:9      | Killed Erica
  7706 | D:9      | Reached skill level 3 in Shields
  7886 | D:9      | Noticed Maurice
  7889 | D:9      | Noticed Pikel
  7896 | D:9      | Killed Maurice
  7897 | D:9      | Reached skill level 4 in Shields
  7899 | D:9      | Killed Pikel
  8070 | D:9      | Noticed Psyche
  8084 | D:9      | Killed Psyche
  8085 | D:9      | Reached skill level 5 in Shields
  8393 | D:9      | Found a runed translucent gate.
  8393 | D:9      | Found a runed translucent gate.
  8394 | D:9      | Found a runed translucent gate.
  8394 | D:9      | Noticed LeprechaunX's ghost (novice OpSh)
  8558 | D:9      | Killed LeprechaunX's ghost
  8565 | D:9      | Reached ****** piety under Okawaru
  8572 | D:9      | Reached skill level 6 in Shields
  8756 | D:10     | Entered Level 10 of the Dungeon
  8756 | D:10     | Found a staircase to the Lair.
  8927 | D:10     | Noticed Grum
  9080 | D:9      | Reached XP level 12. HP: 72/92 MP: 18/18
  9209 | D:9      | Reached skill level 7 in Shields
  9276 | D:9      | Identified the +2 pair of gloves of Byehell {rC+ Dex+3}
                  | (Okawaru gifted it to you on level 9 of the Dungeon)
  9276 | D:9      | Received a gift from Okawaru
  9350 | D:10     | Killed Grum
  9506 | D:10     | Found an opulent altar of Gozag.
  9522 | D:10     | Found a glowing silver altar of Zin.
  9525 | D:10     | Noticed Urug
  9532 | D:10     | Killed Urug
  9641 | D:10     | Reached skill level 8 in Shields
  9742 | D:10     | Found a white marble altar of Elyvilon.
  9745 | D:10     | Identified a scroll of acquirement
  9746 | D:10     | Acquired the +22 crystal plate armour "Duhuf" {Will++ rCorr
                  | Int-3 Dex+3}
  9956 | D:10     | Found a staircase to the Orcish Mines.
 10179 | D:11     | Noticed Lodul
 10194 | D:11     | Killed Lodul
 10288 | D:11     | Noticed a two-headed ogre
 10295 | D:11     | Killed a two-headed ogre
 10365 | D:11     | Noticed a boulder beetle
 10376 | D:11     | Killed a boulder beetle
 10380 | D:11     | Received a gift from Okawaru
 10389 | D:11     | Noticed Snorg
 10422 | D:11     | Killed Snorg
 10423 | D:11     | Reached XP level 13. HP: 30/101 MP: 18/20
 10692 | D:11     | Reached skill level 9 in Shields
 11386 | D:12     | Reached skill level 10 in Shields
 11391 | D:12     | Reached skill level 10 in Armour
 11939 | D:12     | Noticed Rupert
 11960 | D:12     | Killed Rupert
 11961 | D:12     | Reached skill level 10 in Invocations
 12165 | Lair:1   | Entered Level 1 of the Lair of Beasts
 12257 | Lair:1   | Found a transporter.
 12372 | Lair:1   | Received a gift from Okawaru
 12399 | Lair:1   | Reached skill level 11 in Shields
 12429 | Lair:1   | Found a transporter.
 12643 | Lair:1   | Identified the +4 scale mail of Misanthropy {rPois rC-
                  | Will++ Dex+2}
 12744 | Lair:1   | Lost intelligence.
 13148 | Lair:2   | Found a gate leading to a gauntlet.
 13153 | Lair:2   | Reached skill level 10 in Fighting
 13153 | Lair:2   | Found a runed translucent gate.
 13153 | Lair:2   | Found a runed translucent gate.
 13163 | Gauntlet | Entered a Gauntlet
 13163 | Gauntlet | Found a transporter.
 13170 | Gauntlet | Found a transporter.
 13172 | Gauntlet | Found a transporter.
 13183 | Gauntlet | Found a transporter.
 13186 | Gauntlet | Found a transporter.
 13191 | Gauntlet | Noticed a dire elephant
 13199 | Gauntlet | Found a transporter.
 13216 | Gauntlet | Found a transporter.
 13226 | Gauntlet | Found the amulet of the Four Winds {rN+ Will+++ Clar}
 13227 | Gauntlet | Found a transporter.
 13239 | Gauntlet | Found a transporter.
 13248 | Gauntlet | Found a transporter.
 13250 | Gauntlet | Found a transporter.
 13251 | Gauntlet | Found a transporter.
 13274 | Gauntlet | Found a transporter.
 13287 | Gauntlet | Found a transporter.
 13459 | Gauntlet | Identified the +0 cloak of Daisies {-Cast Dex+5}
 13466 | Gauntlet | Reached XP level 14. HP: 110/110 MP: 21/21
 13493 | Gauntlet | Noticed a minotaur
 13505 | Gauntlet | Killed a minotaur
 13512 | Gauntlet | Identified the -2 pair of boots "Jofur" {Int+3 Dex+3
                  | Slay+3}
 13512 | Gauntlet | Identified the +1 ring mail "Unumiyrgh" {Regen+}
 13519 | Gauntlet | Identified the +2 dagger of Rirchis {heavy, Drain rCorr
                  | Int+3 Dex+4}
 13533 | Lair:2   | Found a runed translucent gate.
 13602 | Lair:2   | Identified the +6 scale mail "Zedifawe" {Dex+3} (Okawaru
                  | gifted it to you on level 2 of the Lair of Beasts)
 13602 | Lair:2   | Received a gift from Okawaru
 13696 | Lair:2   | Reached skill level 12 in Shields
 13850 | Lair:2   | Noticed superbruh's ghost (journeyman MfSh)
 13865 | Lair:2   | Killed superbruh's ghost
 13948 | Lair:2   | Got the ring "Hagygh" {Fire rElec Will+ rCorr Str+5}
 14437 | Lair:2   | Identified the +5 halberd "Bingo" {venom, rCorr Int-4
                  | Dex+4}
 14696 | Lair:3   | Found a hole to the Spider Nest.
 14752 | Lair:3   | Identified the +2 flail of the End of Times {spect, *Noise
                  | rF+ rN+ Dex+8} (Okawaru gifted it to you on level 3 of the
                  | Lair of Beasts)
 14752 | Lair:3   | Received a gift from Okawaru
 14885 | Lair:3   | Reached skill level 13 in Shields
 15074 | Lair:3   | Identified the +0 chain mail of Eptuyblemo {rN+}
 15161 | Lair:3   | Noticed Nessos
 15169 | Lair:3   | Killed Nessos
 15169 | Lair:3   | Received a gift from Okawaru
 15412 | Lair:3   | Found a staircase to the Shoals.
 15871 | Lair:4   | Reached XP level 15. HP: 118/118 MP: 23/23
 16216 | Lair:4   | Reached skill level 14 in Shields
 16346 | Lair:4   | Found a hide-covered altar of Uskayaw.
 16379 | Lair:4   | Found a viscous altar of Jiyva.
 16379 | Lair:4   | Found a staircase to the Slime Pits.
 16700 | Lair:5   | Entered Level 5 of the Lair of Beasts
 16720 | Lair:5   | Received a gift from Okawaru
 16760 | Lair:5   | Received a gift from Okawaru
 16857 | Lair:5   | Reached skill level 15 in Shields
 16883 | Lair:5   | Found a dark tunnel.
 16892 | Volcano  | Entered a volcano
 16966 | Volcano  | Found a burning altar of Makhleb.
 17160 | Lair:5   | Received a gift from Okawaru
 17345 | Lair:5   | Reached XP level 16. HP: 97/127 MP: 25/25
 17743 | Lair:5   | Reached skill level 16 in Shields
 18014 | Lair:5   | Found a runed translucent door.
 18052 | Lair:5   | Identified the +0 pair of gloves of Midwinter {+Inv rC++
                  | Str-3} (Okawaru gifted it to you on level 5 of the Lair of
                  | Beasts)
 18052 | Lair:5   | Received a gift from Okawaru
 18732 | Orc:1    | Entered Level 1 of the Orcish Mines
 19173 | Orc:2    | Entered Level 2 of the Orcish Mines
 19174 | Orc:2    | Found a staircase to the Elven Halls.
 19278 | Orc:2    | Found a shimmering altar of Xom.
 19359 | Orc:2    | Found Faeleucw's Antique Armour Shop.
 19537 | Orc:2    | Reached skill level 15 in Armour
 19727 | Orc:2    | Found Hium Nimu's Antique Weapon Shop.
 19728 | Orc:2    | Found Figen's Antique Armour Boutique.
 20309 | Orc:2    | Gained mutation: Your muscles are strong. (Str +4, Int/Dex
                  | -1) [a neqoxec]
 20310 | Orc:2    | Found Tinutwepn's Antique Weapon Boutique.
 20311 | Orc:2    | Gained mutation: You have sharp toenails. [a neqoxec]
 20831 | D:13     | Reached skill level 17 in Shields
 20926 | D:13     | Found a gate to the Vaults.
 20994 | D:13     | Found Kit Jod's Armour Boutique.
 21565 | D:14     | Received a gift from Okawaru
 21609 | D:14     | Reached XP level 17. HP: 130/133 MP: 27/27
 21644 | D:14     | Found a shimmering blue altar of Sif Muna.
 22192 | D:15     | Entered Level 15 of the Dungeon
 22197 | D:15     | Found a broken altar of Ashenzari.
 22234 | D:15     | Found Vyicic's Distillery.
 22238 | D:15     | Bought a potion of invisibility for 88 gold pieces
 22247 | D:15     | Identified the +1 chain mail of the Hippo {Str+2} (Okawaru
                  | gifted it to you on level 15 of the Dungeon)
 22247 | D:15     | Received a gift from Okawaru
 22469 | D:15     | Reached skill level 18 in Shields
 22725 | D:15     | Found a staircase to the Depths.
 23050 | Shoals:1 | Entered Level 1 of the Shoals
 23108 | Shoals:1 | Found a transporter.
 23131 | Shoals:1 | Found a transporter.
 23141 | Shoals:1 | Upgraded the game from 0.31-a0-486-g8d68a81214 to
                  | 0.31-a0-507-gbafd7f5274
 23320 | Shoals:1 | Found a runed translucent gate.
 23320 | Shoals:1 | Found a runed translucent gate.
 23320 | Shoals:1 | Found a runed translucent gate.
 23834 | Shoals:1 | Noticed lunkers's ghost (journeyman MeSh)
 23996 | Shoals:1 | Received a gift from Okawaru
 24028 | Shoals:1 | Killed lunkers's ghost
 24054 | Shoals:1 | Gained mutation: Your body sometimes deteriorates upon
                  | taking damage. [mutagenic glow]
 24072 | Shoals:1 | Gained mutation: Armour fits poorly on your strangely
                  | shaped body. [mutagenic glow]
 24079 | Shoals:1 | Gained mutation: You have razor-sharp toenails. [mutagenic
                  | glow]
 24087 | Shoals:1 | Identified the +1 helmet of Free Expression {Str+3}
 24090 | Shoals:1 | Gained mutation: Your body often deteriorates upon taking
                  | damage. [mutagenic glow]
 24091 | Shoals:1 | Lost mutation: Your body often deteriorates upon taking
                  | damage. [potion of mutation]
 24091 | Shoals:1 | Lost mutation: Your body sometimes deteriorates upon taking
                  | damage. [potion of mutation]
 24091 | Shoals:1 | Lost mutation: You have razor-sharp toenails. [potion of
                  | mutation]
 24173 | Shoals:1 | Lost mutation: You have sharp toenails. [potion of
                  | mutation]
 24173 | Shoals:1 | Lost mutation: Armour fits poorly on your strangely shaped
                  | body. [potion of mutation]
 24173 | Shoals:1 | Gained mutation: Your spells are a little easier to cast,
                  | but a little less powerful. [potion of mutation]
 24303 | Shoals:1 | Reached XP level 18. HP: 110/144 MP: 22/28
 24319 | Shoals:1 | Identified the ring "Xyintuku" {Fly rElec Str+2 Int+6
                  | Dex-3}
 24332 | Shoals:1 | Identified the +2 cloak "Equnism" {rPois}
 24726 | Shoals:2 | Noticed a kraken
 24745 | Shoals:2 | Killed a kraken
 24755 | Shoals:2 | Found Donkoyss's Book Shop.
 25274 | Shoals:2 | Reached skill level 19 in Shields
 25704 | Shoals:3 | Reached skill level 15 in Polearms
 26053 | Shoals:3 | Noticed Ilsuiw
 26102 | Shoals:3 | Killed Ilsuiw
 26564 | Shoals:4 | Entered Level 4 of the Shoals
 26638 | Shoals:4 | Reached skill level 5 in Dodging
 26658 | Shoals:4 | Received a gift from Okawaru
 26676 | Shoals:4 | Found Kohalah's Armour Shoppe.
 26737 | Shoals:4 | Identified the scarf "Wucvenio" {shadows, rElec Slay+2}
 26929 | Shoals:4 | Reached XP level 19. HP: 149/152 MP: 30/30
 27025 | Arena    | Entered the Arena
 27050 | Arena    | Reached skill level 20 in Shields
 27110 | Shoals:4 | Identified the +5 ring mail "Egeuttac" {Str+3} (Okawaru
                  | gifted it to you on level 4 of the Shoals)
 27110 | Shoals:4 | Received a gift from Okawaru
 27536 | Shoals:4 | Identified the ring of Equilibrium {Dex+5 SInv}
 27968 | Shoals:4 | Got a barnacled rune of Zot
 28154 | Slime:1  | Entered Level 1 of the Pits of Slime
 28187 | Lair:4   | Reached skill level 15 in Invocations
 28255 | Spider:1 | Entered Level 1 of the Spider Nest
 29317 | Spider:2 | Noticed Kirke
 29334 | Spider:2 | Killed Kirke
 29756 | Spider:2 | Noticed Arachne
 29775 | Arena    | Entered the Arena
 29780 | Arena    | Killed Arachne
 30096 | Spider:2 | Identified the amulet "Favaocer" {RegenMP Fly rC+ Str-4
                  | Dex+5}
 30919 | Spider:3 | Received a gift from Okawaru
 31224 | Spider:3 | Reached skill level 21 in Shields
 31241 | Spider:3 | Reached XP level 20. HP: 83/161 MP: 31/31
 31974 | Spider:4 | Entered Level 4 of the Spider Nest
 31996 | Spider:4 | Received a gift from Okawaru
 32275 | Spider:4 | Acquired 814 gold pieces
 32330 | Spider:4 | Noticed Nikola
 32336 | Spider:4 | Reached skill level 15 in Fighting
 32356 | Spider:4 | Killed Nikola
 32769 | Spider:4 | Identified the +6 scale mail of Context {*Corrode rF++ rC-
                  | Str+2 SInv} (Okawaru gifted it to you on level 4 of the
                  | Spider Nest)
 32769 | Spider:4 | Received a gift from Okawaru
 33355 | Spider:4 | Got a gossamer rune of Zot
 33651 | Elf:1    | Entered Level 1 of the Elven Halls
 33804 | Elf:1    | Noticed Azrael
 33814 | Elf:1    | Killed Azrael
 33879 | Elf:1    | Identified the +0 pair of boots "Vyuhad" {Regen+ Dex+2}
                  | (Okawaru gifted it to you on level 1 of the Elven Halls)
 33879 | Elf:1    | Received a gift from Okawaru
 33886 | Elf:1    | Reached skill level 22 in Shields
 33911 | Elf:1    | Got Sif Muna's Guidebook on the Wyrd
 33984 | Elf:1    | Identified the +1 trident of Irritation {flame, *Rage rC+
                  | rN++}
 34032 | Elf:1    | Reached XP level 21. HP: 157/169 MP: 33/33
 34308 | Elf:1    | Got the Guidebook on Space
 34600 | Elf:1    | Noticed a bone dragon
 34614 | Elf:1    | Killed a bone dragon
 34657 | Elf:1    | Got Egu Ygut's Papyrus of Left-Handed Arts
 35118 | Elf:1    | Got the Book of Chilblains
 35416 | Elf:2    | Identified the +5 spear "Xiorph Ixorch" {flame, rCorr Str+3
                  | Dex-2} (Okawaru gifted it to you on level 2 of the Elven
                  | Halls)
 35416 | Elf:2    | Received a gift from Okawaru
 35722 | Elf:2    | Found a runed translucent gate.
 35722 | Elf:2    | Found a runed translucent gate.
 35723 | Elf:2    | Found a runed translucent gate.
 36035 | Elf:2    | Received a gift from Okawaru
 36051 | Elf:2    | Reached skill level 23 in Shields
 36149 | Elf:3    | Entered Level 3 of the Elven Halls
 36244 | Elf:3    | Found Mufofapp's Jewellery Emporium.
 36246 | Elf:3    | Reached XP level 22. HP: 178/178 MP: 34/34
 36592 | Elf:3    | Identified the ring "Onteun" {*Corrode rPois rC+ Str+5}
 36619 | Elf:3    | Identified the ring of Jileciofa {rElec rF+ rC- MP+9 Dex+2}
 36681 | Elf:3    | Identified the +12 lajatang of Earthquakes {venom, rCorr
                  | Int+4}
 36690 | Elf:3    | Received a gift from Okawaru
 36721 | Elf:3    | Identified the +10 orcbow "Hanway" {flame, rPois Will+
                  | Stlth+}
 36857 | Elf:3    | Identified the ring of the Mertaur {rElec rF+ Int+6 Stlth+}
 36878 | Elf:3    | Identified the +4 eveningstar "Nyozugimp" {pain, rElec}
 36942 | Elf:3    | Identified the +0 helmet "Tuis" {rN++ Will+ SInv Stlth-}
 36980 | Elf:3    | Got the Omnibus of Alteration
 36997 | Elf:3    | Identified the +4 whip "Peskann" {vamp, Fly rC+ SInv
                  | Stlth-}
 37567 | Vaults:1 | Entered Level 1 of the Vaults
 38222 | Vaults:1 | Found Ysuetybol's Weapon Shoppe.
 38487 | Vaults:1 | Reached skill level 24 in Shields
 38913 | Vaults:1 | Reached XP level 23. HP: 167/185 MP: 35/35
 38965 | Vaults:2 | Noticed Norris
 38984 | Vaults:1 | Killed Norris
 38993 | Vaults:1 | Received a gift from Okawaru
 39395 | Vaults:2 | Noticed Donald
 39409 | Vaults:2 | Killed Donald
 39421 | Vaults:2 | Noticed Jory
 39424 | Vaults:2 | Noticed Zenata
 39446 | Vaults:2 | Killed Jory
 39483 | Vaults:2 | Killed Zenata
 39520 | Vaults:2 | Found Dacejiog's Magic Scroll Shop.
 40493 | Vaults:3 | Noticed Asterion
 40505 | Vaults:3 | Killed Asterion
 40588 | Vaults:3 | Received a gift from Okawaru
 40757 | Vaults:3 | Noticed Mennas
 40859 | Vaults:3 | Killed Mennas
 40859 | Vaults:3 | Received a gift from Okawaru
 41152 | Vaults:3 | Found a staircase to the Crypt.
 41152 | Vaults:3 | Found an ancient bone altar of Kikubaaqudgha.
 41153 | Vaults:3 | Found a basalt altar of Yredelemnul.
 41533 | Vaults:4 | Reached skill level 25 in Shields
 41576 | Vaults:4 | Reached XP level 24. HP: 195/195 MP: 36/36
 41640 | Vaults:4 | Reached skill level 10 in Dodging
 41961 | Vaults:4 | Identified the -2 pair of boots of Honour {rPois Will-
                  | Int+8 SInv} (Okawaru gifted it to you on level 4 of the
                  | Vaults)
 41961 | Vaults:4 | Received a gift from Okawaru
 42133 | Vaults:4 | Noticed Aizul
 42148 | Vaults:4 | Killed Aizul
 42154 | Vaults:4 | Identified the +1 chain mail of the Devil's Team {rC+ MP+9}
 42413 | Vaults:4 | Noticed a dread lich
 42423 | Vaults:4 | Killed a dread lich
 42528 | Vaults:4 | Found a large runed translucent door.
 42528 | Vaults:4 | Found a large runed translucent door.
 42530 | Vaults:4 | Noticed Luiw's ghost (veteran HOBe)
 42688 | Vaults:4 | Killed Luiw's ghost
 42757 | Vaults:5 | Entered Level 5 of the Vaults
 42774 | Vaults:5 | Noticed an ancient lich
 42791 | Vaults:5 | Killed an ancient lich
 42805 | Vaults:5 | Noticed Bai Suzhen
 42817 | Vaults:5 | Killed Bai Suzhen
 42851 | Vaults:5 | Identified the +3 plate armour of the Sparrow {Int+3 SInv
                  | Stlth+} (Okawaru gifted it to you on level 5 of the Vaults)
 42851 | Vaults:5 | Received a gift from Okawaru
 42884 | Vaults:5 | Reached skill level 26 in Shields
 42910 | Vaults:5 | Reached XP level 25. HP: 194/203 MP: 37/37
 43288 | Vaults:5 | Identified the +9 hand axe "Ytuv Terch" {freeze, MP+9
                  | Int+3}
 43292 | Vaults:5 | Noticed an ancient lich
 43309 | Vaults:5 | Noticed a dread lich
 43310 | Vaults:5 | Killed an ancient lich
 43318 | Arena    | Entered the Arena
 43351 | Vaults:5 | Killed a dread lich
 43472 | Vaults:5 | Noticed an ancient lich
 43478 | Vaults:5 | Killed an ancient lich
 43550 | Vaults:5 | Received a gift from Okawaru
 43803 | Vaults:5 | Got a silver rune of Zot
 44222 | Vaults:5 | Identified the +3 spear of Ter Nit {heavy, rF++ rN++
                  | Stlth+}
 44225 | Vaults:5 | Identified the +5 plate armour of Sagamn {Rampage rPois}
 44226 | Vaults:5 | Identified the +2 mace "Pibas" {protect, Str+4}
 44292 | Vaults:5 | Found the brooch of Shielding {Spirit SH+8}
 44485 | Depths:1 | Entered Level 1 of the Depths
 44522 | Depths:1 | Reached skill level 1 in Evocations
 44659 | Depths:1 | Identified the +2 falchion of the Growing Soothsayer
                  | {antimagic, rF+ rN+ Str-5 Dex+3}
 44900 | Depths:1 | Found a sacrificial altar of Ru.
 44975 | Depths:1 | Found a gateway to Hell.
 45221 | Depths:1 | Found a one-way gate leading to the halls of Pandemonium.
 45490 | Depths:2 | Noticed Vv
 45507 | Depths:1 | Received a gift from Okawaru
 45533 | Depths:1 | Killed Vv
 45565 | Depths:2 | Noticed Mara
 45579 | Depths:2 | Killed Mara
 45981 | Depths:2 | Reached XP level 26. HP: 211/211 MP: 37/37
 46194 | Depths:2 | Identified the +0 rapier "Beetle's Demise" {flame, Int+5
                  | Dex+4}
 46200 | Depths:2 | Found a runed translucent door.
 46229 | Depths:2 | Found a runed translucent door.
 46257 | Depths:2 | Reached skill level 27 in Shields
 46950 | Depths:3 | Reached skill level 5 in Evocations
 47111 | Depths:3 | Found a one-way gateway to a ziggurat.
 47245 | Depths:3 | Found a one-way gate to the infinite horrors of the Abyss.
 47245 | Depths:3 | Gained mutation: You are frail. (-10% HP) [a neqoxec]
 47513 | Depths:3 | Found a glowing silver altar of Zin.
 47514 | Depths:3 | Found a runed translucent door.
 47514 | Depths:3 | Identified the +1 tower shield "Zynaagg" {Rampage Dex+2
                  | Stlth+}
 47920 | Depths:4 | Entered Level 4 of the Depths
 47947 | Depths:4 | Noticed the Enchantress
 47987 | Depths:4 | Killed the Enchantress
 47987 | Depths:4 | Received a gift from Okawaru
 48075 | Depths:4 | Identified the +9 scale mail of Nucoah {rC+} (Okawaru
                  | gifted it to you on level 4 of the Depths)
 48075 | Depths:4 | Received a gift from Okawaru
 48115 | Depths:4 | Found a gate to the Realm of Zot.
 48135 | Arena    | Entered the Arena
 48147 | Arena    | HP: 4/175 [green draconian monk/blast of poison (8)]
 48260 | Depths:4 | Noticed a juggernaut
 48275 | Depths:4 | Killed a juggernaut
 48799 | Depths:4 | Found a runed translucent door.
 48800 | Depths:4 | Found a shimmering altar of Xom.
 48800 | Depths:4 | Identified the +4 glaive of the Spider Nest {chaos, *Noise
                  | rF+ Dex+4 Stlth+}
 48800 | Depths:4 | Noticed Jismel's ghost (journeyman HOFi)
 48868 | Depths:4 | Noticed Parghit
 48932 | Depths:4 | Killed Parghit
 49219 | Depths:4 | Killed Jismel's ghost
 49412 | Crypt:1  | Entered Level 1 of the Crypt
 49627 | Crypt:1  | Found a large runed translucent door.
 49627 | Crypt:1  | Found a large runed translucent door.
 49631 | Crypt:1  | Noticed Hyrrirob's ghost (veteran GrEE)
 49653 | Crypt:1  | Noticed Xtahua
 49662 | Crypt:1  | Killed Xtahua
 49684 | Crypt:1  | Reached XP level 27. HP: 171/198 MP: 37/37
 50199 | Crypt:1  | Received a gift from Okawaru
 50413 | Crypt:1  | Noticed a royal mummy
 50424 | Crypt:1  | Killed a royal mummy
 50636 | Crypt:1  | Killed Hyrrirob's ghost
 50641 | Crypt:1  | Identified the +8 war axe of Pandemonium {vamp, Str+4}
 50746 | Crypt:2  | Noticed Margery
 50767 | Crypt:2  | Killed Margery
 50831 | Crypt:2  | Identified the ring "Quem" {Ice Dex+5 Stlth+}
 50831 | Crypt:2  | Noticed Josephina
 50842 | Crypt:2  | Killed Josephina
 51467 | Crypt:3  | Entered Level 3 of the Crypt
 51856 | Crypt:3  | Found an ancient bone altar of Kikubaaqudgha.
 51930 | Crypt:3  | Reached skill level 10 in Evocations
 51993 | Crypt:3  | Got Avedenn's Compilation of Despair
 52014 | Crypt:3  | Noticed a dread lich
 52026 | Crypt:3  | Killed a dread lich
 52042 | Crypt:3  | Identified the ring of the Iron Devil {*Corrode rPois rF+
                  | Int+4}
 52046 | Crypt:3  | Identified the amulet "Nayg" {Regen+ Dex+4}
 52046 | Crypt:3  | Identified the ring of Cheibriados's Respect {Drain rN+
                  | rCorr Dex+7 Stlth-}
 52054 | Crypt:3  | Identified the +8 flail of Awkwardness {protect, Drain
                  | rElec Str+5}
 52056 | Crypt:3  | Identified the +7 hand axe "Qiocer" {spect, Dex+3 Stlth+}
 52552 | Crypt:3  | Identified the +1 tower shield of Hubris {Slay+3} (Okawaru
                  | gifted it to you on level 3 of the Crypt)
 52552 | Crypt:3  | Received a gift from Okawaru
 52643 | Crypt:3  | Found a staircase to the Tomb.
 52750 | Crypt:3  | Identified the staff of the Eleven Friends {rPois rF+ Dex+6
                  | Stlth+ Fire}
 53202 | Crypt:3  | Got the Spellbook of the Glowing Lungs
 53569 | Zot:1    | Entered Level 1 of the Realm of Zot
 53569 | Zot:1    | Noticed a dread lich
 53569 | Zot:1    | Found a transporter.
 53772 | Zot:1    | HP: 9/198 [quicksilver dragon (17)]
 53772 | Zot:1    | HP: 4/198 [constriction (5)]
 53772 | Zot:1    | Slain by a yellow draconian

Illustrated notes

Levels and vault maps discovered:
D:1:      amcnicky_arrival_gap_in_the_tavern_cellar, layout_basic, serial_shops,
          nicolae_shop_hallway_plus
D:2:      layout_rooms, minmay_pentomino_t4, uniq_terence
D:3:      layout_basic, pdpol_wu_jian_five_deadly_venoms,
          nicolae_overflow_crystal_walls, okawaru_metal_pillars_1_2,
          lemuel_round_altar, chequers_serial_rivers_small_a,
          grunt_ministairs_3, uniq_ijyb, uniq_jessica, uniq_grinder
D:4:      layout_cave_pods, mainiacjoe_overflow_chevrons,
          mainiacjoe_overflow_catch_the_wave, minmay_temple_entry_glassed_door
D:5:      layout_loops_ring, mainiacjoe_overflow_alcove_2,
          amcnicky_altar_gilded, nicolae_uskayaw_suspiria,
          kennysheep_generic_room_10, uniq_prince_ribbit1, uniq_blork_the_orc,
          uniq_edmund, uniq_menkaure
D:6:      layout_loops_ring, nicolae_ossuary_entry_false_entrances, uniq_duvessa
D:7:      layout_loops_ring, gammafunk_ghost_smash, serial_bayou_pond_e
D:8:      layout_gridville, kennysheep_mini, nemelex_diamond_rough_becter,
          serial_shops, nicolae_shop_window_shopping
D:9:      layout_basic, gammafunk_ghost_necromancy, corexii_hall_statues_l,
          uniq_erica, uniq_maurice, uniq_psyche, uniq_harold, uniq_pikel
D:10:     layout_cave_pools, grunt_gozag_breadcrumbs, elyvilon_altar_3,
          overflow_temple_1_default, hiddenorc1_lemuel, grunt_decor_resistance,
          uniq_grum, uniq_urug
D:11:     layout_irregular_city, serial_undead, serial_undead_b,
          serial_undead_c, serial_undead_f, serial_undead_b, uniq_snorg,
          uniq_lodul
D:12:     nicolae_cairo_tiling_large, layout_stronghold, uniq_rupert
D:13:     layout_basic, grunt_vaults_entry_fortified, serial_shops, shop,
          st_stairs_11
D:14:     layout_small_grid, nrook_mini_vaults, ebering_dispersal_statue_hall,
          led_sif_pool
D:15:     hangedman_depths_entry_civil_slaughter, layout_basic,
          ashenzari_altar_1, serial_shops, nicolae_shop_trees
Lair:1:   gammafunk_cloud_chamber, layout_chaotic_city,
          hangedman_lair_unloving_vines, disabler_island,
          infiniplex_staircase_pool
Lair:2:   layout_roguey [special_room_bee], gammafunk_ghost_icy,
          gauntlet_entry_generic, minmay_lindwurm_lava
Lair:3:   layout_hall_layers, elwin_shoals_entry_rooms, dummy_spider_entry,
          nzn_random_ring, infiniplex_staircase_pool_2, uniq_nessos
Lair:4:   layout_regular_city, slime_entry_1, lemuel_centaur_altar
Lair:5:   wormcave, layout_cave_pods, hangedman_lair_caniforms_friends,
          nicolae_volcano_entry_lava_flow, grunt_megastairs_2
Shoals:1: gammafunk_sealed_arena, layout_shoals, gammafunk_ghost_tricky_traps
Shoals:2: layout_shoals, serial_shops, nicolae_shop_getting_attention,
          nicolae_shoals_beach_house_on_fowls_legs
Shoals:3: layout_shoals, uniq_ilsuiw
Shoals:4: shoals_end_simple, layout_shoals, serial_shops, shop
Spider:1: layout_chambers, guppyfry_spider_mini_3
Spider:2: layout_chambers, drop_trap, uniq_arachne, uniq_kirke
Spider:3: layout_spider_delve, nicolae_arachne_temple
Spider:4: spider_rune_water, nicolae_spider_solar_radiation, uniq_nikola
Slime:1:  layout_caves
Orc:1:    layout_caves, basic_altar
Orc:2:    grunt_orc_community_town_hall, layout_diamond_mine,
          grunt_orc_community_big_house_2, grunt_orc_community_big_house_1,
          grunt_orc_community_house_2, grunt_orc_community_house_3,
          grunt_orc_community_house_1, grunt_orc_community_house_2,
          grunt_orc_community_house_1, basic_altar, minmay_orc_temple_b
Elf:1:    layout_onion_city, serial_hangedman_research,
          hangedman_research_probablistics, hangedman_research_thermodynamics,
          hangedman_research_quantum, hangedman_research_convocations,
          hangedman_research_thanatology, evilmike_minifort, minivault_16,
          uniq_azrael
Elf:2:    elven_hall_of_blades_hangedman_original
          [nicolae_blade_entry_area_security], layout_geoelf_grid
Elf:3:    minmay_elf_hall_curves, layout_geoelf_grid, serial_shops, shop,
          st_stairs_2, minivault_27
Vaults:1: v_alt_pattern_2, vaults_room_fancy_cross, hangedman_vaults_stagger,
          ontoclasm_vaults_gateway, dpeg_vaults_monster_box,
          vaults_mumra_chevron, nicolae_vaults_storage_closets_2,
          nicolae_vaults_angled_halls, v_misc_25, vaults_room_pool,
          nicolae_vaults_shrinking_rooms_1, nicolae_vaults_diamond_1,
          nicolae_vaults_little_ls, nicolae_vaults_stepped_doors,
          nicolae_vaults_tetromino_Z_2, layout_vaults_big_cross
Vaults:2: nicolae_vaults_rhombus_7, vaults_room_ringed_pool,
          grunt_vaults_twisty, grunt_vaults_bifocal, layout_vaults_omnigrid,
          serial_shops, nicolae_shop_just_a_little_nook, uniq_norris,
          uniq_donald, uniq_zenata, uniq_jory
Vaults:3: nicolae_vaults_double_plus_2, minmay_crypt_entry_necro_gods,
          v_rooms_3, hangedman_vaults_stream, nicolae_vaults_twisting_passages,
          nicolae_vaults_tetromino_T_1, v_misc_19, vaults_room_corners,
          v_pattern_5, nicolae_vaults_variable_pillar_hall,
          nicolae_vaults_tangram_1, nicolae_vaults_tetromino_Z_1,
          layout_vaults_big_room, uniq_asterion, uniq_mennas
Vaults:4: ebering_ghost_disaster_area, ontoclasm_vaults_loading_screen,
          v_misc_1, st_cells, v_misc_27, hangedman_vaults_restitches,
          v_alt_pattern_6, nicolae_vaults_little_squares_4, v_misc_31,
          hangedman_vaults_snaps, nicolae_vaults_tetromino_L_1,
          layout_vaults_maze_bifur, uniq_aizul
Vaults:5: uniq_bai_suzhen
Crypt:1:  lemuel_minitomb, layout_gridlike, ebering_ghost_disaster_area,
          minivault_25, uniq_xtahua
Crypt:2:  layout_gridlike, serial_sigils, serial_sigils_hangedman_confine,
          serial_sigils_hangedman_gnaw, serial_sigils_hangedman_etch,
          serial_sigils_hangedman_writhe, serial_sigils_hangedman_scratch,
          serial_sigils_hangedman_gut, uniq_margery, uniq_josephina
Crypt:3:  evilmike_haunted_forest
Depths:1: layout_cave_pools, hell_entry, nicolae_ru_sacrificial_ziggurat,
          rand_demon_pan_entry_9, minmay_misc_feat_tower,
          hangedman_decor_growths, hangedman_devilish_allure
Depths:2: minmay_the_grid_triangle_9x9_recursive_3_mashed
          [minmay_the_grid_triangle_9x9_zippers_horizontal,
          minmay_the_grid_triangle_9x9_stretched_checkered,
          minmay_the_grid_triangle_9x9_zippers_vertical,
          minmay_the_grid_triangle_9x9_prize_insulated,
          minmay_the_grid_triangle_9x9_odd_lines,
          minmay_the_grid_triangle_9x9_cache,
          minmay_the_grid_triangle_9x9_tough_junction,
          minmay_the_grid_triangle_9x9_descending_squares,
          minmay_the_grid_triangle_9x9_intruding_spiral], layout_cave_shapes,
          rand_demon_pan_entry_1, hell_entry, serial_bayou_pond_d,
          minmay_misc_feat_rugged, hangedman_abyss_or_decor_passed,
          lemuel_flamethrower_3, uniq_mara, uniq_vv
Depths:3: kennysheep_big_flooded_room, layout_basic, enter_ziggurat_b,
          grunt_hell_entry_dis_old, marbit_kobold_abyss_entry,
          chequers_serial_rivers_small_b, pan_entry,
          chequers_serial_rivers_small_3, lemuel_angel_altar,
          minmay_staircase_statues, firewood_loft
Depths:4: grunt_zot_entry_bicorn, layout_honeycomb, ebering_ghost_xom,
          hell_entry, reono_crystal_passage, uniq_parghit, uniq_enchantress
Zot:1:    gammafunk_sealed_library, layout_onion_interference,
          hellmonk_formless_pools

Skill      XL: |  1  2  3  4  5  6  7  8  9 10 11 12 13 14 15 16 17 18 19 20 21 22 23 24 25 26 27 |
---------------+----------------------------------------------------------------------------------+-----
Dodging        | 2 3 5 6 7 8 9 10 11 12 | 12.0
Ranged Weapons | 5 |  5.3
Polearms       | 4 5 7 9 10 11 12 13 14 15 16 17 18 19 20 | 20.2
Armour         | 3 6 7 9 11 12 14 15 16 17 18 19 20 21 22 23 24 25 | 25.2
Invocations    | 4 6 8 9 10 11 12 13 14 15 16 17 18 20 21 22 | 22.0
Fighting       | 4 6 7 9 10 11 12 13 14 15 16 17 18 19 | 19.5
Shields        | 6 8 11 13 15 17 18 19 21 22 23 24 25 26 27 | 27.0
Evocations     | 4 8 11 | 11.2
Stealth        | |  1.2

Action                     |  1- 3 |  4- 6 |  7- 9 | 10-12 | 13-15 | 16-18 | 19-21 | 22-24 | 25-27 || total
---------------------------+-------+-------+-------+-------+-------+-------+-------+-------+-------++-------
  Melee: Trishula          |       |    38 |   203 |   455 |  1076 |  1733 |  1584 |  1756 |  2262 ||  9107
         Punch             |       |       |       |     1 |       |       |       |       |       ||     1
   Fire: Shortbow          |    70 |    59 |       |       |       |       |       |       |       ||   129
 Invoke: Heroism           |       |       |       |     2 |     4 |     4 |     5 |     4 |     8 ||    27
         Finesse           |       |       |       |     1 |     2 |     4 |     3 |     2 |     6 ||    18
         Duel              |       |       |       |       |       |       |     2 |       |     2 ||     4
Ability: Shaft Self        |       |     2 |       |       |       |       |       |       |       ||     2
         Dig               |       |       |     3 |     2 |     5 |     7 |    11 |     2 |     8 ||    38
         Begin Untransform |       |       |       |       |     1 |       |       |       |       ||     1
         Evoke Invisibilit |       |       |       |       |       |       |       |       |     2 ||     2
  Evoke: Wand              |       |       |       |     3 |       |       |     7 |       |       ||    10
         Condenser vane    |       |       |       |       |       |     1 |       |       |       ||     1
    Use: Potion            |       |     4 |       |       |       |     3 |     9 |     2 |    16 ||    34
         Scroll            |       |       |     6 |     9 |     8 |    10 |     4 |     1 |     4 ||    42
   Stab: Sleeping          |       |     4 |     6 |     2 |       |       |       |       |       ||    12
         Distracted        |       |       |     2 |     1 |       |       |     2 |       |     1 ||     6
         Confused          |       |       |       |       |       |     1 |       |       |       ||     1
         Petrifying        |       |       |       |       |       |     1 |       |       |       ||     1
         Held in net/web   |       |       |       |       |       |     1 |       |       |       ||     1
         Invisible         |       |       |       |       |       |       |       |    14 |    21 ||    35
 Armour: Leather armour    |     6 |    22 |    45 |     8 |       |       |       |       |       ||    81
         Acid dragon scale |       |       |       |    11 |       |       |       |       |       ||    11
         Scale mail        |       |       |       |    68 |       |       |       |       |       ||    68
         Crystal plate arm |       |       |       |    83 |   439 |   393 |   402 |   367 |   508 ||  2192
  Dodge: Dodged            |    13 |    34 |    52 |   109 |   122 |   171 |   238 |   281 |   585 ||  1605
  Block: Kite shield       |       |       |       |   212 |       |       |       |       |       ||   212
         Tower shield      |       |       |       |       |  1145 |  1277 |  1383 |  1517 |  2079 ||  7401
         Reflection        |       |       |       |       |    43 |   135 |    63 |   130 |    29 ||   400
   Form: Maw               |       |       |       |       |     1 |       |       |       |       ||     1

Table legend: (Time is in decaauts)
 A = Elapsed time spent in this place.
 B = Non-inter-level travel time spent in this place.
 C = Inter-level travel time spent in this place.
 D = Time resting spent in this place.
 E = Time spent auto-exploring this place.
 F = Levels seen in this place.
 G = Mean time per level.
                   A        B        C        D        E       F      G
               +--------+--------+--------+--------+--------+-----+--------+
         Total |  50840 |  46638 |   4202 |   2789 |  31642 |  54 |  941.5 |
       Dungeon |  14688 |  12643 |   2045 |   1014 |   9322 |  15 |  979.2 |
          Lair |   6231 |   5628 |    603 |    480 |   3652 |   5 | 1246.2 |
        Shoals |   4531 |   4303 |    228 |    228 |   3025 |   4 | 1132.8 |
   Spider Nest |   4941 |   4685 |    256 |    692 |   2892 |   4 | 1235.2 |
    Slime Pits |     13 |     13 |      0 |      0 |      0 |   1 |   13.0 |
  Orcish Mines |   1633 |   1509 |    124 |      0 |   1185 |   2 |  816.5 |
   Elven Halls |   3465 |   3329 |    136 |     60 |   1906 |   3 | 1155.0 |
        Vaults |   6157 |   5791 |    366 |     54 |   3950 |   5 | 1231.4 |
         Crypt |   3640 |   3465 |    175 |     89 |   2460 |   3 | 1213.3 |
        Depths |   4523 |   4259 |    264 |     94 |   3034 |   4 | 1130.8 |
           Zot |     25 |     25 |      0 |      0 |      0 |   1 |   25.0 |
       Ossuary |    143 |    143 |      0 |      0 |     82 |   1 |  143.0 |
       Volcano |    196 |    196 |      0 |     26 |     35 |   1 |  196.0 |
      Gauntlet |    534 |    534 |      0 |      0 |     99 |   1 |  534.0 |
         Arena |    115 |    115 |      0 |     50 |      0 |   4 |   28.8 |
               +--------+--------+--------+--------+--------+-----+--------+

Top non-repeatable levels by time:
     D:9: 1769 daAuts
 Crypt:3: 1710 daAuts
Spider:2: 1674 daAuts
  Lair:5: 1534 daAuts
   Elf:1: 1459 daAuts
Spider:4: 1372 daAuts
Vaults:5: 1348 daAuts
Shoals:4: 1337 daAuts
  Lair:3: 1319 daAuts
Vaults:1: 1318 daAuts
  Lair:2: 1283 daAuts
Depths:4: 1246 daAuts
   Orc:2: 1220 daAuts
     D:4: 1217 daAuts
Shoals:1: 1215 daAuts
